 Dungeon Crawl Stone Soup version 0.26-a0-362-g1d9a9cd4fa (webtiles) character file.

Game seed: 3088145988651050513

12238 MrRokkomies the Martial Artist (level 11, -24/100 HPs)
             Began as a Demigod Transmuter on July 18, 2020.
             Annihilated by a minotaur
             ... wielding a +2 scimitar of holy wrath
              (32 damage)
             ... in a Gauntlet.
             The game lasted 00:39:12 (15374 turns).

MrRokkomies the Martial Artist (DgTm)              Turns: 15374, Time: 00:39:13

Health: -24/100    AC: 11    Str: 13    XL:     11   Next: 34%
Magic:  16/17      EV: 17    Int: 23    God:
Gold:   805        SH:  0    Dex: 16    Spells: 7/13 levels left

rFire    . . .     SeeInvis .     - Unarmed
rCold    . . .     Faith    .   (shield currently unavailable)
rNeg     . . .     Spirit   .   O - +0 leather armour {rPois}
rPois    +         Reflect  .   (helmet currently unavailable)
rElec    .         Harm     .   (cloak currently unavailable)
rCorr    .         NoTele   +   (gloves currently unavailable)
MR       +....                  (boots currently unavailable)
Stlth    +.........             V - amulet of the acrobat
HPRegen  0.26/turn              N - +4 ring of protection
MPRegen  0.15/turn              K - +4 ring of protection

@: mighty, appendages, very slightly contaminated, hasted, very quick
A: horns 2, talons 2, high mp 1
a: End Transformation


You were in a Gauntlet.
You had grown temporary horns.
You had grown temporary talons.
You visited 2 branches of the dungeon, and saw 12 of its levels.
You also visited: Ossuary and Gauntlet.

You collected 805 gold pieces.

Inventory:

Hand Weapons
 b - the +4 hand crossbow "Sucuicki" {vorpal, rElec Dex+4}
   (You found it on level 7 of the Dungeon)

   Any bolt fired from it inflicts extra damage.
   It affects your dexterity (+4).
   It insulates you from electricity.
 v - a +1 dagger of venom
 z - a +1 hunting sling
Missiles
 a - 466 stones
 e - 110 sling bullets
 p - 151 bolts
 u - 46 poisoned darts (quivered)
 J - 11 boomerangs
Armour
 o - the +1 pair of boots of Precision Catastrophes {Int+2 Dex+4, unknown}
   (You found it in a Gauntlet)

   It affects your intelligence (+2).
   It affects your dexterity (+4).
 E - the cursed +0 hat "Ubew" (melded) {+Blink Dex+2}
   (You found it on level 8 of the Dungeon)

   It affects your dexterity (+2).
   It lets you blink.
   It has a curse placed upon it.
 H - a +2 cloak (melded)
 O - a +0 leather armour of poison resistance (worn)
 S - a +0 pair of gloves (melded)
Magical Staves
 c - an uncursed staff of wizardry
Jewellery
 g - an uncursed ring of flight
 j - a +6 ring of strength
 t - the ring "Sifaerasau" {*Tele Dex+4, unknown}
   (You found it in a Gauntlet)

   [ring of teleportation]

   It may teleport you next to monsters.
   It affects your dexterity (+4).
 F - a +6 ring of strength
 K - a +4 ring of protection (right hand)
 M - an uncursed ring of protection from cold
 N - a +4 ring of protection (left hand)
 Q - an uncursed ring of positive energy
 V - an amulet of the acrobat (around neck)
Wands
 w - a wand of digging (4)
 C - a wand of iceblast (15)
 L - a wand of enslavement (7)
 P - a wand of flame (15)
Scrolls
 d - 4 scrolls of fear
 f - 13 scrolls of teleportation
 i - a scroll of holy word
 k - 2 scrolls of amnesia
 y - 7 scrolls of blinking
 G - 5 scrolls of remove curse
 T - a scroll of identify
Potions
 h - 4 potions of flight
 l - a potion of magic
 m - 4 potions of brilliance
 n - 6 potions of lignification
 q - 2 potions of curing
 r - 2 potions of stabbing
 A - a potion of might
 B - a potion of resistance


   Skills:
 * Level 10.2 Fighting
 + Level 7.5 Dodging
 * Level 10.5 Unarmed Combat
 - Level 1.7 Spellcasting
 + Level 6.2 Transmutations


You had 7 spell levels left.
You knew the following spells:

 Your Spells              Type           Power        Failure   Level
a - Beastly Appendage     Tmut           ####..       1%          1
b - Wereblood             Tmut           ####....     1%          2
c - Spider Form           Tmut/Pois      ###.......   14%         3

Your spell library contained the following spells:

 Spells                   Type           Power        Failure   Level
 Corona                   Hex            #......      17%         1
 Summon Small Mammal      Summ           #...         17%         1
 Call Imp                 Summ           #.......     26%         2
 Corpse Rot               Necr/Air       N/A          26%         2
 Ensorcelled Hibernation  Hex/Ice        #.....       26%         2
 Slow                     Hex            #.......     26%         2
 Swiftness                Air            #.......     26%         2
 Blade Hands              Tmut           ####......   34%         5
 Ice Form                 Ice/Tmut       ###.....     43%         4
 Call Canine Familiar     Summ           #.......     45%         3
 Confusing Touch          Hex            #.......     45%         3
 Dazzling Flash           Conj/Hex       #.....       45%         3
 Inner Flame              Hex/Fire       #.......     45%         3
 Portal Projectile        Hex/Tloc       #.....       45%         3
 Summon Guardian Golem    Hex/Summ       #.......     45%         3
 Tukima's Dance           Hex            #.......     45%         3
 Yara's Violent Unravell  Hex/Tmut       ###.......   78%         5
 Airstrike                Air            #.........   86%         4
 Cause Fear               Hex            #.........   86%         4
 Leda's Liquefaction      Hex/Erth       #.........   86%         4
 Summon Ice Beast         Ice/Summ       #.......     86%         4
 Summon Lightning Spire   Summ/Air       #.......     86%         4
 Discord                  Hex            #.........   100%        8


Dungeon Overview and Level Annotations

Branches:
Dungeon (11/15)            Temple (0/1) D:7            Lair (1/6) D:11
    Orc (0/2) D:11        Ossuary (visited)         Gauntlet (1/1)

Annotations:
D:4 exclusion: statue
D:6 2 transporters, miami27's ghost, novice GrFi
D:10 2 transporters, pupurumpum's ghost, novice GnEE Gauntlet 8 transporters, exclusions: ice statue and oklob plant


Innate Abilities, Weirdness & Mutations

You have an increased reservoir of magic. (+10% MP)
You have a pair of horns on your head.
You have razor-sharp toenails.


Message History

You are too injured to fight recklessly!
You are too injured to fight recklessly!
You punch the minotaur!
You headbutt the minotaur, but do no damage.
The minotaur is lightly wounded.
You punch the minotaur!
You claw the minotaur, but do no damage.
Your headbutt misses the minotaur.
The minotaur is lightly wounded.
The minotaur completely misses you. The minotaur gores you!
You hit the minotaur but do no damage. Your kick misses the minotaur.
The minotaur is lightly wounded.
The minotaur hits you with a +2 scimitar of holy wrath!!
* * * LOW HITPOINT WARNING * * *
The minotaur gores you!
* * * LOW HITPOINT WARNING * * *
Unknown command.
You feel yourself speed up.
The minotaur hits you with a +2 scimitar of holy wrath!!
You die...

...#...#..#####
#©#..9.#..#≈8≈#
.###..©#..#...####
..#.##9#..#.8.##..
.#....##..#...##.# #
.#.....#..#.8....#.#
#......#..#...##.#.#
########..#...##.H.#
.........≈#.©.##@#
.........\#....(.#
.........§#.©.##.#
########..#...##...
###3##4#..#...##.#.#
.##..#.#..#.8....#.#
.©.###!#..#...##.# #
.##4##[#..#.8.##..
.##...©#..#...# ##


You could see a minotaur.

Vanquished Creatures
  A catoblepas (Gauntlet)
  2 two-headed ogres
  An ugly thing (D:11)
  A cyclops (D:11)
  A wolf spider (Gauntlet)
  A hornet (D:11)
  2 trolls (D:11)
  2 redbacks (Gauntlet)
  A hippogriff (D:7)
  Sigmund (D:3)
  A wyvern (D:10)
  2 wraiths (D:11)
  3 yaks (D:11)
  Menkaure (D:6)
  A porcupine (Lair:1)
  A water moccasin (D:9)
  2 sky beasts
  2 ice beasts
  10 orc warriors
  3 necrophages
  An eye of draining (D:8)
  5 phantoms
  4 ogres
  2 centaurs
  6 big kobolds
  A crocodile (D:10)
  7 bullfrogs
  A gnoll sergeant (D:11)
  3 scorpions
  4 killer bees (D:7)
  16 wights
  3 howler monkeys (D:11)
  3 bullfrog zombies
  3 centaur skeletons
  8 hounds
  2 orc priests
  Crazy Yiuf (D:4)
  7 jellies
  A gnoll shaman (D:7)
  7 orc wizards
  2 iguanas (D:9)
  3 worker ants
  Ijyb (D:4)
  A killer bee zombie (D:9)
  9 big kobold zombies (Ossuary)
  3 hound skeletons
  A mummy (Ossuary)
  12 gnolls
  A howler monkey skeleton (D:10)
  A howler monkey zombie (D:9)
  16 adders
  A shadow imp (D:10)
  3 white imps
  3 ufetubi
  An adder zombie (D:5)
  4 worms
  2 dart slugs (D:1)
  4 leopard geckos
  35 orcs
  4 spectral bats (Ossuary)
  3 ball pythons
  10 giant cockroaches
  3 gnoll zombies (Ossuary)
  6 goblins
  5 hobgoblins
  3 jackals (D:6)
  5 quokkas
  5 bats
  4 bat simulacra (Ossuary)
  5 frilled lizards
  2 goblin simulacra (Ossuary)
  6 goblin zombies (Ossuary)
  4 hobgoblin zombies (Ossuary)
  A jackal zombie (D:9)
  11 kobolds
  2 kobold zombies (Ossuary)
  2 leopard gecko zombies (D:5)
  6 orc zombies (Ossuary)
  A quokka zombie (D:7)
  9 rats
  A rat simulacrum (Ossuary)
  A spectral goblin (Ossuary)
  3 spectral kobolds (Ossuary)
  2 spectral rats (Ossuary)
331 creatures vanquished.

Notes
Turn   | Place    | Note
-------+----------+-------------------------------------------
     0 | D:1      | MrRokkomies the Demigod Transmuter began the quest for the
                  | Orb.
     0 | D:1      | Reached XP level 1. HP: 15/15 MP: 5/5
     2 | D:1      | Noticed a dwarf
     2 | D:1      | Noticed a draconian
     4 | D:1      | Noticed a halfling
     4 | D:1      | Noticed an octopode
     6 | D:1      | Noticed a demonspawn
     8 | D:1      | Noticed a minotaur
     8 | D:1      | Noticed a vine stalker
    10 | D:1      | Noticed an ogre
    12 | D:1      | Noticed a human
    12 | D:1      | Noticed a troll
    14 | D:1      | Noticed a spriggan
    14 | D:1      | Noticed a vampire
    16 | D:1      | Noticed a centaur
    18 | D:1      | Noticed a merfolk
    20 | D:1      | Noticed a naga
    20 | D:1      | Noticed an elf
    22 | D:1      | Noticed a demigod
    22 | D:1      | Noticed a formicid
    24 | D:1      | Noticed a gargoyle
    24 | D:1      | Noticed a ghoul
    26 | D:1      | Noticed a tengu
    26 | D:1      | Noticed a felid
    34 | D:1      | Reached skill level 1 in Fighting
   667 | D:1      | Reached XP level 2. HP: 23/23 MP: 5/7
  1469 | D:2      | Reached XP level 3. HP: 26/29 MP: 8/8
  1607 | D:2      | Learned a level 2 spell: Wereblood
  2261 | D:3      | Reached XP level 4. HP: 35/37 MP: 9/9
  2721 | D:3      | Noticed Sigmund
  2739 | D:3      | Killed Sigmund
  2739 | D:3      | Reached XP level 5. HP: 33/45 MP: 10/10
  3018 | D:4      | Found an iron altar of Okawaru.
  3224 | D:4      | Found a shimmering altar of Xom.
  3244 | D:4      | Noticed an ogre
  3260 | D:4      | Killed an ogre
  3260 | D:4      | Reached XP level 6. HP: 44/52 MP: 8/11
  3374 | D:4      | Noticed Ijyb
  3394 | D:4      | Killed Ijyb
  3433 | D:4      | Found a sacrificial altar of Ru.
  3493 | D:4      | Reached skill level 5 in Unarmed Combat
  3751 | D:4      | Found a radiant altar of Vehumet.
  3895 | D:4      | Reached XP level 7. HP: 48/60 MP: 12/12
  3969 | D:4      | Found a runed translucent door.
  3970 | D:4      | Noticed Crazy Yiuf
  4019 | D:4      | Killed Crazy Yiuf
  4100 | D:5      | Entered Level 5 of the Dungeon
  4131 | D:5      | Found a sand-covered staircase.
  4137 | Ossuary  | Entered an ossuary
  4142 | Ossuary  | Learned a level 3 spell: Spider Form
  4412 | Ossuary  | Reached skill level 5 in Fighting
  4853 | D:5      | Found a shimmering altar of Xom.
  5307 | D:5      | Reached XP level 8. HP: 69/69 MP: 13/13
  5315 | D:5      | Found an ornate altar of the Wu Jian Council.
  5334 | D:5      | Found a shimmering blue altar of Sif Muna.
  5472 | D:5      | Noticed a +0 hand axe
  5473 | D:5      | Noticed a +0 dagger
  5478 | D:5      | Found a hide-covered altar of Uskayaw.
  5542 | D:5      | Found a sparkling altar of Nemelex Xobeh.
  5948 | D:6      | Found a transporter.
  5950 | D:6      | Noticed a hippogriff
  5950 | D:6      | Noticed miami27's ghost (novice GrFi)
  5959 | D:6      | Found a transporter.
  6393 | D:6      | Noticed Menkaure
  6401 | D:6      | Killed Menkaure
  6401 | D:6      | Reached skill level 5 in Dodging
  6971 | D:6      | Reached XP level 9. HP: 51/78 MP: 14/14
  7133 | D:7      | Identified the +6 spear of Dikko {protect, Str+2}
  7384 | D:7      | Found a staircase to the Ecumenical Temple.
  7848 | D:7      | Got a glimmering hand crossbow
  7849 | D:7      | Identified the +4 hand crossbow "Sucuicki" {vorpal, rElec
                  | Dex+4} (You found it on level 7 of the Dungeon)
  7861 | D:7      | Found an iron altar of Okawaru.
  8565 | D:8      | Found a viscous altar of Jiyva.
  8844 | D:8      | Got a crude hat
  8855 | D:8      | Identified the cursed +0 hat "Ubew" {+Blink Dex+2} (You
                  | found it on level 8 of the Dungeon)
  8873 | D:8      | Noticed a two-headed ogre
  8884 | D:8      | Killed a two-headed ogre
  9279 | D:8      | Found a snail-covered altar of Cheibriados.
  9280 | D:8      | Found an opulent altar of Gozag.
  9526 | D:9      | Found a basalt altar of Yredelemnul.
  9902 | D:9      | Reached XP level 10. HP: 88/88 MP: 15/15
 10301 | D:10     | Entered Level 10 of the Dungeon
 10697 | D:10     | Reached skill level 5 in Transmutations
 11113 | D:10     | Noticed a cyclops
 11117 | D:10     | Noticed a moth of wrath
 11118 | D:10     | Noticed a two-headed ogre
 11121 | D:10     | Found a bloodstained altar of Trog.
 11124 | D:10     | Found a transporter.
 11126 | D:10     | Found a transporter.
 11137 | D:10     | Noticed pupurumpum's ghost (novice GnEE)
 11214 | D:11     | Noticed a brown ugly thing
 11233 | D:11     | Killed a brown ugly thing
 11624 | D:11     | Found a staircase to the Lair.
 11653 | D:11     | Paralysed by a hornet for 3 turns
 11663 | D:11     | Paralysed by a hornet for 3 turns
 12128 | D:11     | Noticed a two-headed ogre
 12136 | D:11     | Killed a two-headed ogre
 12142 | D:11     | Found a shadowy altar of Dithmenos.
 12470 | D:11     | Found a staircase to the Orcish Mines.
 12864 | D:10     | Reached skill level 10 in Unarmed Combat
 13131 | D:11     | Reached XP level 11. HP: 49/97 MP: 17/17
 14560 | Lair:1   | Entered Level 1 of the Lair of Beasts
 14562 | Lair:1   | Identified a scroll of acquirement
 14562 | Lair:1   | Acquired the Tome of Air and Bewitchment
 14653 | Lair:1   | Found a gate leading to a gauntlet.
 14658 | Gauntlet | Entered a Gauntlet
 14658 | Gauntlet | Found a transporter.
 14658 | Gauntlet | Found a transporter.
 14658 | Gauntlet | Found a transporter.
 14658 | Gauntlet | Noticed an entropy weaver
 14658 | Gauntlet | Noticed a soul eater
 14659 | Gauntlet | Found a transporter.
 14662 | Gauntlet | Found a transporter.
 14674 | Gauntlet | Found a transporter.
 14681 | Gauntlet | Noticed a catoblepas
 14738 | Gauntlet | Found a transporter.
 14748 | Gauntlet | Found a transporter.
 14763 | Gauntlet | Found a transporter.
 14775 | Gauntlet | Found a transporter.
 14788 | Gauntlet | Found a transporter.
 14794 | Gauntlet | Found a transporter.
 15025 | Gauntlet | Reached skill level 10 in Fighting
 15042 | Gauntlet | HP: 4/99 [entropy weaver (9)]
 15042 | Gauntlet | HP: 1/99 [entropy weaver (3)]
 15053 | Gauntlet | Got a pair of brightly glowing boots
 15336 | Gauntlet | Killed a catoblepas
 15344 | Gauntlet | Got a twitching pewter ring
 15349 | Gauntlet | Noticed a minotaur
 15374 | Gauntlet | Annihilated by a minotaur

Illustrated notes

Levels and vault maps discovered:
D:1:      kb_arrival_jail, layout_loops_ring, nrook_campfire,
          minmay_statues_item, chequers_garden
D:2:      layout_rooms
D:3:      layout_basic, uniq_sigmund
D:4:      layout_basic, vehumet_statue, nicolae_overflow_hidden_temple,
          nicolae_ru_the_path_less_chosen, uniq_ijyb, uniq_crazy_yiuf_cottage
D:5:      layout_basic, dancing_weapons_uskayaw, nemelex_altar_shiori,
          grunt_temple_overflow_open, basic_altar, nicolae_ossuary_entry_plus
D:6:      layout_basic, gammafunk_ghost_arena, grunt_tough_drop, uniq_menkaure
D:7:      layout_cave_pools, minmay_temple_entry_grid, okawaru_metal_pillars_1_2
D:8:      layout_rooms, gammafunk_temple_overflow_statue, jiyva_altar_1
D:9:      layout_basic, lemuel_round_altar
D:10:     layout_basic, gammafunk_ghost_wrathful_warriors
D:11:     layout_irregular_city, lair_entry_dummy,
          kennysheep_orc_monster_closet_entryway, basic_altar
Lair:1:   layout_loops_ring, gauntlet_entry_generic
Gauntlet: gammafunk_gauntlet_shortcut [nicolae_gauntlet_arena_quarters,
          nicolae_gauntlet_swirl, nicolae_gauntlet_arena_t_cross,
          gammafunk_gauntlet_arena_grid, gammafunk_gauntlet_arena_teeth,
          gammafunk_gauntlet_arena_crates, gauntlet_exit_hidden_loot]

Skill      XL: |  1  2  3  4  5  6  7  8  9 10 11 |
---------------+----------------------------------+-----
Fighting       | 1 2 3 4 5 6 8 9 10 | 10.2
Unarmed Combat | 3 4 5 6 7 8 10 | 10.5
Dodging        | 2 3 4 5 6 7 |  7.5
Transmutations | 2 3 4 5 6 |  6.2
Spellcasting   | |  1.7

Action                   |  1- 3 |  4- 6 |  7- 9 | 10-12 || total
-------------------------+-------+-------+-------+-------++-------
Melee: Unarmed           |   141 |   136 |   681 |   410 ||  1368
       Kick              |    12 |    29 |   119 |    92 ||   252
       Headbutt          |     6 |    22 |    69 |    59 ||   156
       Punch             |     4 |     1 |    11 |     5 ||    21
 Fire: Hunting sling     |       |       |     7 |       ||     7
Throw: Dart              |       |     2 |     3 |       ||     5
 Cast: Beastly Appendage |    11 |    11 |    38 |    24 ||    84
       Wereblood         |       |     1 |     1 |     4 ||     6
       Spider Form       |       |       |     1 |     1 ||     2
Evoke: Wand              |       |       |     1 |       ||     1
  Use: Scroll            |     8 |     1 |     8 |     9 ||    26
       Potion            |       |       |       |    14 ||    14
 Stab: Invisible         |       |       |       |     1 ||     1
Armor: Robe              |    11 |       |       |       ||    11
       Ring mail         |    29 |    38 |   222 |       ||   289
       Leather armour    |       |       |    31 |   115 ||   146
       Skin              |       |       |     9 |       ||     9
Dodge: Dodged            |   106 |    77 |   457 |   347 ||   987

Table legend:
 A = Non-vault XP
 B = Vault XP
 C = Vault XP percentage of total XP
 D = Non-vault monster count
 E = Vault monster count
 F = Vault count percentage of total count
                 A         B        C        D         E       F
            +---------+---------+-------+---------+---------+-------
      Total |   12668 |    4815 |  27.5 |     249 |      82 |  24.8
            +---------+---------+-------+---------+---------+-------
        D:1 |      38 |       0 |   0.0 |      22 |       0 |   0.0
        D:2 |      53 |       0 |   0.0 |      14 |       0 |   0.0
        D:3 |      99 |     223 |  69.3 |      23 |       1 |   4.2
        D:4 |     536 |      73 |  12.0 |      19 |       2 |   9.5
        D:5 |     504 |       0 |   0.0 |      22 |       0 |   0.0
        D:6 |    1467 |     218 |  12.9 |      29 |       3 |   9.4
        D:7 |     962 |       0 |   0.0 |      24 |       0 |   0.0
        D:8 |    1307 |     166 |  11.3 |      20 |       4 |  16.7
        D:9 |    1087 |       0 |   0.0 |      21 |       0 |   0.0
       D:10 |    1413 |     216 |  13.3 |      23 |       2 |   8.0
       D:11 |    5057 |    1690 |  25.0 |      31 |      18 |  36.7
     Lair:1 |     145 |       0 |   0.0 |       1 |       0 |   0.0
    Ossuary |       0 |     303 | 100.0 |       0 |      48 | 100.0
   Gauntlet |       0 |    1926 | 100.0 |       0 |       4 | 100.0
            +---------+---------+-------+---------+---------+-------
